 Dungeon Crawl Stone Soup version 0.29-a0-732-g3d7fbe0af2 (webtiles) character file.

Game seed: 5867303721970639119

1641099 Zappman123 the Vampiric Blade (level 27, 246/246 HPs)
             Began as a Vampire Gladiator on June 29, 2022.
             Was the Champion of Kikubaaqudgha.
             Escaped with the Orb
             ... and 3 runes on June 30, 2022!
             The game lasted 03:02:13 (79385 turns).

Zappman123 the Vampiric Blade (Vampire Gladiator)  Turns: 79385, Time: 03:02:14

Health: 246/246    AC: 41    Str: 11    XL:     27
Magic:  39/39      EV: 32    Int: 12    God:    Kikubaaqudgha [******]
Gold:   3160       SH:  0    Dex: 42    Spells: 14/50 levels left

rFire   + + +      SeeInvis +   V - +7 triple sword of Forgiveness {drain, Drain rN+++ Dex+7 SInv}
rCold   + + +      Faith    .   (shield currently unavailable)
rNeg    + + +      Spirit   .   G - +8 pearl dragon scales "Risustox" {rN+ Regen+ Str-5 Int+4 Dex-2}
rPois   +          Reflect  .   e - +2 helmet {Int+3}
rElec   +          Harm     .   U - +0 cloak "Osyer" {rPois rF++}
rCorr   +          Rampage  .   n - +2 pair of gloves "Giyskuv" {Fly rF+++ rC++ Str-3}
Will    +++++      Clarity  +   W - +1 pair of boots "Oblokhla" {Will+ Str+6 Int-4}
Stlth   ..........              O - amulet of the Four Winds {rN+ Will+++ Clar}
HPRegen 1.51/turn               f - ring "Juoj" {rC+ Will- rCorr Str+2}
MPRegen 0.26/turn               S - ring "Lelerosh" {rElec AC+4 Int-4 Dex+10 Stlth-}

@: flying, healing quickly, hasted, studying 4 skills, very quick
A: alive, fangs 3, see invisible, vampiric 2, robust 1, weak 1, subdued magic 1
0: Orb of Zot
}: 3/15 runes: serpentine, barnacled, silver
a: Exsanguinate, Renounce Religion, Unearth Wretches, Torment


You escaped.
You worshipped Kikubaaqudgha.
Kikubaaqudgha was exalted by your worship.
You visited 12 branches of the dungeon, and saw 53 of its levels.
You also visited: Trove and Ice Cave.

You collected 8736 gold pieces.
You spent 5576 gold pieces at shops.

Inventory:

Hand Weapons
 a - a +9 great sword of pain
 b - a +9 great sword of freezing
 V - the +7 triple sword of Forgiveness (weapon) {drain, Drain rN+++ Dex+7 SInv}
   (You acquired it on level 2 of the Depths)

   A truly terrible weapon, it drains the life of any living foe it strikes.
   Dex:       It affects your dexterity (+7).
   rN:        It renders you almost immune to negative energy.
   SInv:      It lets you see invisible.
   Drain:     It drains your maximum health when unequipped.
Missiles
 r - 2 throwing nets
 E - 14 curare-tipped darts (quivered)
Armour
 e - a +2 helmet of intelligence (worn)
 n - the +2 pair of gloves "Giyskuv" (worn) {Fly rF+++ rC++ Str-3}
   (You acquired it on level 2 of the Depths)

   Str:       It affects your strength (-3).
   rF:        It renders you almost immune to fire.
   rC:        It greatly protects you from cold.
   Fly:       It grants you flight.
 G - the +8 pearl dragon scales "Risustox" (worn) {rN+ Regen+ Str-5 Int+4 Dex-2}
   (You bought it in a shop on level 2 of the Elven Halls)

   Str:       It affects your strength (-5).
   Int:       It affects your intelligence (+4).
   Dex:       It affects your dexterity (-2).
   rN:        It protects you from negative energy.
   Regen:     It increases your rate of health regeneration.
 U - the +0 cloak "Osyer" (worn) {rPois rF++}
   (You found it on level 2 of the Orcish Mines)

   rF:        It greatly protects you from fire.
   rPois:     It protects you from poison.
 W - the +1 pair of boots "Oblokhla" (worn) {Will+ Str+6 Int-4}
   (You found it on level 2 of the Orcish Mines)

   Str:       It affects your strength (+6).
   Int:       It affects your intelligence (-4).
   Will:      It increases your willpower.
Jewellery
 f - the ring "Juoj" (left hand) {rC+ Will- rCorr Str+2}
   (You bought it in a shop on level 1 of the Elven Halls)

   [ring of protection from cold]

   Str:       It affects your strength (+2).
   rC:        It protects you from cold.
   rCorr:     It protects you from acid and corrosion.
   Will:      It decreases your willpower.
 O - the amulet of the Four Winds (around neck) {rN+ Will+++ Clar}
   (You found it on level 6 of the Lair of Beasts)

   [amulet of nothing]

   rN:        It protects you from negative energy.
   Clar:      It protects you against confusion.
   Will:      It greatly increases your willpower.
 S - the ring "Lelerosh" (right hand) {rElec AC+4 Int-4 Dex+10 Stlth-}
   (You took it off a centaur warrior on level 13 of the Dungeon)

   [ring of protection]

   AC:        It affects your AC (+4).
   Int:       It affects your intelligence (-4).
   Dex:       It affects your dexterity (+10).
   rElec:     It insulates you from electricity.
   Stlth:     It makes you less stealthy.
Wands
 h - a wand of mindburst (22)
 K - a wand of iceblast (47)
 P - a wand of charming (17)
 Q - a wand of digging (19)
 R - a wand of quicksilver (16)
Scrolls
 d - 6 scrolls of magic mapping
 g - 5 scrolls of brand weapon
 s - 8 scrolls of immolation
 u - 5 scrolls of fear
 x - a scroll of summoning
 y - a scroll of torment
 C - 9 scrolls of vulnerability
 D - 4 scrolls of enchant weapon
 L - 2 scrolls of fog
 M - 4 scrolls of blinking
 N - 5 scrolls of amnesia
 X - 16 scrolls of teleportation
 Y - 7 scrolls of enchant armour
 Z - 3 scrolls of silence
Potions
 i - 16 potions of mutation
 l - 5 potions of brilliance
 o - 34 potions of curing
 p - 3 potions of resistance
 t - a potion of cancellation
 w - 3 potions of magic
 A - 18 potions of heal wounds
 B - 4 potions of might
 F - 13 potions of flight
 I - 5 potions of berserk rage
 J - 3 potions of haste
 T - 2 potions of ambrosia
Miscellaneous
 j - a lightning rod (4/4)
 k - a tin of tremorstones (2/2)
 m - a condenser vane
 q - a phantom mirror (inert)
 v - a box of beasts (inert)
 z - a phial of floods


   Skills:
 - Level 20.0 Fighting
 - Level 23.0 Long Blades
 - Level 2.0 Throwing
 - Level 16.0 Armour
 - Level 22.0 Dodging
 - Level 12.0 Spellcasting
 - Level 12.0 Hexes
 - Level 18.0 Necromancy
 - Level 10.0 Transmutations
 - Level 12.1 Ice Magic
 - Level 6.0 Air Magic
 - Level 8.0 Earth Magic
 + Level 15.5 Evocations


You had 14 spell levels left.
You knew the following spells:

 Your Spells              Type           Power      Damage    Failure   Level
b - Dispel Undead         Necr           38%        3d16      1%          4
c - Borgnjor's Vile Clut  Necr/Erth      14%        N/A       4%          5
e - Vampiric Draining     Necr           38%        2d8       1%          3
f - Death Channel         Necr           19%        N/A       2%          6
g - Simulacrum            Ice/Necr       16%        N/A       11%         6
y - Yara's Violent Unrav  Hex/Tmut       12%        3d7       10%         5
z - Animate Dead          Necr           38%        N/A       1%          4
S - Swiftness             Air            16%        N/A       9%          3

Your spell library contained the following spells:

 Spells                   Type           Power      Damage    Failure   Level
 Necrotize                Necr           100%       1d9       0%          1
 Beastly Appendage        Tmut           48%        N/A       1%          1
 Freeze                   Ice            100%       1d11      1%          1
 Slow                     Hex            100%       N/A       1%          1
 Ensorcelled Hibernation  Hex/Ice        54%        N/A       1%          2
 Passwall                 Tmut/Erth      18%        N/A       1%          2
 Sublimation of Blood     Necr           38%        N/A       1%          2
 Wereblood                Tmut           24%        N/A       1%          2
 Confusing Touch          Hex            27%        N/A       1%          3
 Frozen Ramparts          Ice            56%        1d7       1%          3
 Ozocubu's Armour         Ice            28%        N/A       1%          3
 Tukima's Dance           Hex            27%        N/A       1%          3
 Anguish                  Hex/Necr       16%        N/A       1%          4
 Agony                    Necr           38%        N/A       1%          5
 Cause Fear               Hex            13%        N/A       2%          4
 Sting                    Tmut/Pois      56%        1d5       4%          1
 Leda's Liquefaction      Hex/Erth       12%        N/A       5%          4
 Metabolic Englaciation   Hex/Ice        13%        N/A       6%          5
 Petrify                  Tmut/Erth      22%        N/A       8%          4
 Dazzling Flash           Conj/Hex       32%        N/A       9%          3
 Inner Flame              Hex/Fire       16%        N/A       9%          3
 Portal Projectile        Hex/Tloc       32%        N/A       9%          3
 Shock                    Conj/Air       44%        1d5       10%         1
 Spider Form              Tmut/Pois      14%        N/A       13%         3
 Corpse Rot               Necr/Pois/Air  20%        N/A       13%         4
 Poisonous Vapours        Pois/Air       22%        N/A       16%         2
 Static Discharge         Conj/Air       11%        N/A       16%         2
 Blade Hands              Tmut           12%        N/A       16%         5
 Silence                  Hex/Air        11%        N/A       24%         5
 Ignite Poison            Fire/Tmut/Pois 11%        N/A       28%         3
 Hailstorm                Conj/Ice       16%        3d6       28%         4
 Summon Ice Beast         Ice/Summ       16%        N/A       28%         4
 Fulminant Prism          Conj/Hex       8%         3d7       30%         4
 Apportation              Tloc           10%        N/A       34%         1
 Foxfire                  Conj/Fire      20%        2x1d5     34%         1
 Magic Dart               Conj           20%        1d4       34%         1
 Summon Small Mammal      Summ           20%        N/A       34%         1
 Lee's Rapid Deconstruct  Erth           10%        3d9*      34%         5
 Mephitic Cloud           Conj/Pois/Air  9%         N/A       43%         3
 Call Imp                 Summ           5%         N/A       47%         2
 Searing Ray              Conj           10%        2d4       47%         2
 Freezing Cloud           Conj/Ice/Air   8%         6-21      63%         5
 Summon Mana Viper        Hex/Summ       16%        N/A       63%         5
 Call Canine Familiar     Summ           5%         N/A       73%         3
 Conjure Flame            Conj/Fire      5%         6-21      73%         3
 Gell's Gravitas          Tloc           5%         N/A       73%         3
 Lesser Beckoning         Tloc           5%         N/A       73%         3
 Teleport Other           Tloc           5%         N/A       73%         3
 Alistair's Intoxication  Tmut/Pois      9%         N/A       78%         5
 Irradiate                Conj/Tmut      7%         3d15      78%         5
 Statue Form              Tmut/Erth      14%        N/A       80%         6
 Infestation              Necr           19%        N/A       83%         8
 Iskenderun's Mystic Bla  Conj/Tloc      5%         2d3       98%         4
 Olgreb's Toxic Radiance  Pois           5%         N/A       98%         4
 Passage of Golubria      Tloc           5%         N/A       98%         4
 Sticky Flame             Conj/Fire      5%         2d3       98%         4
 Dragon Form              Tmut           12%        N/A       99%         7
 Fireball                 Conj/Fire      2%         3d4       100%        5
 Iskenderun's Battlesphe  Conj           5%         2d6       100%        5
 Summon Forest            Summ/Tloc      2%         N/A       100%        5
 Conjure Ball Lightning   Conj/Air       5%         3x3d6     100%        6
 Eringya's Noxious Bog    Tmut/Pois      7%         N/A       100%        6
 Iron Shot                Conj/Erth      6%         9d2       100%        6
 Starburst                Conj/Fire      2%         6d3       100%        6
 Haunt                    Necr/Summ      11%        N/A       100%        7
 Monstrous Menagerie      Summ           2%         N/A       100%        7
 Orb of Destruction       Conj           2%         9d5       100%        7
 Spellforged Servitor     Conj/Summ      2%         N/A       100%        7
 Storm Form               Tmut/Air       10%        N/A       100%        7
 Summon Hydra             Summ           2%         N/A       100%        7
 Discord                  Hex            13%        N/A       100%        8
 Ignition                 Fire           2%         3d3       100%        8
 Lehudib's Crystal Spear  Conj/Erth      6%         10d3      100%        8
 Summon Horrible Things   Summ           2%         N/A       100%        8
 Chain Lightning          Conj/Air       5%         3d7       100%        9
 Dragon's Call            Summ           2%         N/A       100%        9
 Fire Storm               Conj/Fire      2%         8d1       100%        9
 Shatter                  Erth           10%        3d11*     100%        9
 Borgnjor's Revivificati  Necr           Unusable   N/A       N/A         8
 Necromutation            Tmut/Necr      Unusable   N/A       N/A         8
 Death's Door             Necr           Unusable   N/A       N/A         9

Dungeon Overview and Level Annotations

Branches:
Dungeon (15/15)            Temple (1/1) D:4            Lair (6/6) D:9
 Shoals (4/4) Lair:3        Snake (4/4) Lair:2        Slime (1/5) Lair:5
    Orc (2/2) D:10            Elf (3/3) Orc:2        Vaults (5/5) D:14
  Crypt (3/3) Vaults:2       Tomb (0/3) Crypt:3      Depths (4/4) D:15
    Zot (5/5) Depths:4      IceCv (visited)

Altars:
Ashenzari
Cheibriados
Dithmenos
Gozag
Hepliaklqana
Kikubaaqudgha
Makhleb
Nemelex Xobeh
Okawaru
Qazlal
Ru
Sif Muna
Trog
Uskayaw
Vehumet
Wu Jian
Yredelemnul
The Shining One
Lugonu

Shops:
D:15 !   Orc:2 =?*:*   Elf:1 :=:   Elf:2 [   Shoals:2 *?   Snake:2 (
Vaults:3 [   Depths:1 (

Portals:
Hell: Depths:1 Depths:2 Depths:3 Depths:4
Abyss: Depths:3 Depths:4
Pandemonium: Depths:2 Depths:3
Ziggurat: Depths:3

Annotations:
Lair:2 exclusion: hydra
Lair:3 /ice ghost lightning
Elf:2 exclusion: downstairs
Elf:3 Roxanne
Zot:2 1 exclusion
Zot:3 4 transporters, 3 runed translucent doors, 1 exclusion, Ecsuny's ghost, legendary OgGl; Kusoc's ghost, adept DDFi; Meskin's ghost, legendary DjCj; Mitut's ghost, master PaFi
Zot:4 2 transporters, 1 exclusion


Innate Abilities, Weirdness & Mutations

Your natural rate of healing is accelerated.
You have razor-sharp teeth.
You have supernaturally acute eyesight. (SInv)
You are afflicted with vampirism and can become a bat while bloodless.
You are robust. (+10% HP)
You are weak. (Str -2)
Your spells are a little easier to cast, but a little less powerful.


Message History

The smoke demon closely misses you. The smoke demon gestures at you.
Something smites you!
You take 11 damage, and have 228/246 hp.
You carve the smoke demon like a ham!!!!
You kill the smoke demon!
Kikubaaqudgha accepts your kill.
You hit the smoke demon. You bite the smoke demon.
The smoke demon is lightly wounded.
You slash the smoke demon! Your bite misses the smoke demon.
The smoke demon is severely wounded.
The smoke demon closely misses you. The smoke demon misses you.
The smoke demon completely misses you.
You slash the smoke demon!
You kill the smoke demon!
Kikubaaqudgha accepts your kill.
No target in view!
(D) Dungeon (T) Temple (L) Lair (A) Shoals (P) Snake Pit (M) Slime Pits (O) Orcish Mines (E) Elven Halls (V) Vaults (C) Crypt (W) Tomb (U) Depths (H) Hell (Z) Zot
Where to? (Enter - D:1, ? - help)
There is a stone staircase leading down here.
HP restored.
There is an open door here.
There is an open door here.
There is a stone staircase leading up here.
You fly upwards.
There is a stone staircase leading down here.
There is a stone staircase leading up here.
You fly upwards.
There is a stone staircase leading down here.
There is a stone staircase leading up here.
You fly upwards.
There is a stone staircase leading down here.
You feel yourself speed up.
There is an open door here.
There is an open door here.
There is a staircase leading out of the dungeon here.
You have escaped!

#####.#......#.⌠.⌠.⌠###..........
............#.###....##.#######.#
..###.#.......#..............##..
.## #.##........#....##.####.##..
..###.#.........#.#..........##.#
≈..##.#.................###......
≈≈............................#..
≈..#......PPPP#########.####..#.#
..##......P...#.@#....#...##..#.#
.##.......P...#..#....#.........#
..#.......P.♣.#..#....#.#.##..#.#
#####.#...P...##'#....#....#..#..
#####.#.......#..#....#..#....#.#
>.............'..##+###....#....#
#####.##......#.......#..)##.#...
..........P...##'###+##...##.....
#####.....P.♣.#....#..#...#######


There were no monsters in sight!

Vanquished Creatures
  A dread lich (Zot:5)
  3 ancient liches
  Mara (Depths:2)
  7 orbs of fire (Zot:5)
  A juggernaut (Depths:3)
  Margery (Vaults:4)
  Vv (Crypt:3)
  Frederick (Depths:4)
  Saint Roka (Snake:3)
  A caustic shrike (Depths:3)
  4 curse toes
  7 golden dragons
  A bone dragon (Depths:4)
  4 electric golems
  Zenata (Vaults:4)
  12 tentacled monstrosities
  An Ice Fiend (IceCv)
  Mlioglotl (Snake:4)
  Asterion (Depths:2)
  4 liches
  2 deep elf blademasters
  9 quicksilver dragons
  22 Orb Guardians
  4 titans
  A kraken (Shoals:1)
  3 ancient champions (Crypt:2)
  A deep elf master archer (Elf:3)
  10 death cobs
  5 sphinxes
  A tengu reaver (Depths:1)
  The ghost of Armakuni the Bludgeoner, an adept MeWn of the Shining One (Orc:2)
  Gastronok (D:8)
  12 shadow dragons
  13 storm dragons
  10 draconian knights
  Kirke (Lair:6)
  9 frost giants
  A revenant (Crypt:1)
  7 draconian monks
  4 nagarajas
  8 deep elf sorcerers
  12 fire giants
  An iron dragon (Vaults:5)
  4 draconian scorchers
  2 orc warlords (Vaults:1)
  A balrug (Depths:1)
  19 vault wardens
  A juggernaut zombie (Depths:3)
  2 deep elf elementalists
  3 draconian stormcallers
  3 draconian shifters
  18 ironbound preservers
  A curse skull (Crypt:3)
  3 ghost moths
  7 ghouls
  Aizul (Snake:4)
  6 draconian annihilators
  A caustic shrike skeleton (Depths:3)
  2 spriggan defenders (Depths:3)
  11 stone giants
  A juggernaut skeleton (Crypt:2)
  A reaper (Crypt:2)
  7 war gargoyles
  17 very ugly things
  5 ironbound thunderhulks
  6 deep elf demonologists
  7 deep elf annihilators
  14 yellow draconians
  17 green draconians
  4 entropy weavers
  6 vampire knights
  13 black draconians
  14 dire elephants
  2 spark wasps (Depths:3)
  10 red draconians
  7 white draconians
  11 purple draconians
  A blizzard demon (D:14)
  13 ettins
  The ghost of Zebulonius the Executioner, a journeyman MiFi of Okawaru (Lair:3)
  5 deep elf death magi
  Snorg (Lair:5)
  8 merfolk impalers
  3 crystal guardians
  A jiangshi (Crypt:2)
  3 merfolk javelineers (Shoals:4)
  4 eidola (Crypt:2)
  A green death (D:12)
  5 fire dragons
  A quicksilver dragon zombie (Zot:4)
  A fenstrider witch zombie (Crypt:1)
  3 deep elf high priests (Elf:3)
  15 yaktaur captains
  7 hydras
  A spriggan zombie (Crypt:2)
  4 ice dragons
  7 great orbs of eyes
  A quicksilver dragon skeleton (Crypt:3)
  43 vault guards
  7 boulder beetles
  A catoblepas (Lair:4)
  3 ogre magi
  13 anacondas
  5 merfolk avatars
  3 peacekeepers
  Erica (Orc:1)
  4 spriggan air magi (Depths:3)
  7 ironbound frosthearts
  A spriggan skeleton (Crypt:2)
  16 centaur warriors
  A death knight (Crypt:1)
  4 merfolk aquamancers
  2 anacondas (shapeshifter)
  25 dancing weapons
  3 satyrs
  20 death yaks
  8 two-headed ogres
  7 naga warriors
  7 deep troll shamans
  3 vampire magi
  4 tengu warriors (Depths:3)
  7 deep troll earth magi
  3 hell hogs (Depths:2)
  3 spriggan berserkers
  An orc high priest (Orc:1)
  2 soul eaters
  8 shock serpents
  6 sun demons
  20 hell knights
  Sonja (D:10)
  24 deep elf knights
  18 naga sharpshooters
  4 iron trolls
  2 sixfirhies (D:15)
  7 skeletal warriors
  A goliath frog (Lair:6)
  2 shadow wraiths
  2 ogre zombies (Vaults:5)
  8 sea snakes
  43 deep trolls
  7 glowing orange brains
  8 naga ritualists
  9 flayed ghosts (Crypt:3)
  17 deep elf archers
  A bog body (IceCv)
  19 ironbound convokers
  8 spriggan simulacra
  An obsidian statue (IceCv)
  6 wizards
  9 orc knights
  8 lindwurms
  39 deep elf pyromancers
  16 phantasmal warriors
  11 harpies
  7 mana vipers
  3 cyclopes
  35 deep elf zephyrmancers
  Pikel (D:7)
  A sphinx zombie (Vaults:4)
  2 frost giant zombies
  11 necromancers
  3 wolf spiders
  6 salamanders
  4 orc sorcerers
  Maurice (Orc:1)
  7 manticores
  23 moths of wrath
  13 fauns
  57 ugly things
  16 elephants
  A guardian serpent (shapeshifter) (Vaults:5)
  A shock serpent zombie (Snake:4)
  An eleionoma skeleton (Crypt:2)
  6 merfolk sirens
  13 vault sentinels
  10 naga magi
  33 black mambas
  3 centaur zombies
  3 guardian serpents
  8 water nymphs (Shoals:4)
  A torpor snail (Lair:6)
  10 smoke demons
  17 cane toads
  An orange demon (D:15)
  A dire elephant skeleton (Crypt:2)
  6 gargoyles
  2 unseen horrors (D:13)
  5 rime drakes
  33 yaktaurs
  10 ice devils
  A hellion (Depths:2)
  5 entropy weaver simulacra (IceCv)
  5 tengu conjurers
  An efreet (D:14)
  9 freezing wraiths
  4 hellwings
  A yaktaur zombie (Vaults:4)
  A demonic crawler (Depths:4)
  3 anaconda simulacra (IceCv)
  A kobold demonologist (D:12)
  7 komodo dragons
  A green draconian skeleton (Crypt:2)
  3 guardian mummies (Crypt:3)
  A harpy zombie (Shoals:4)
  A merfolk (shapeshifter) (Depths:3)
  7 trolls
  2 hornets (Depths:3)
  A meliai (shapeshifter) (Depths:1)
  2 meliai (D:13)
  4 tyrant leeches (Lair:6)
  3 red devils
  14 merfolk
  A troll (shapeshifter) (Depths:3)
  A tarantella (Vaults:3)
  8 wind drakes
  3 moth of wrath zombies (Zot:4)
  A polar bear (Lair:4)
  A culicivora zombie (Crypt:1)
  A harpy skeleton (Crypt:2)
  40 slime creatures
  44 blink frogs
  A dream sheep (shapeshifter) (Depths:2)
  Prince Ribbit (D:8)
  A meliai zombie (D:12)
  6 snapping turtles
  A human simulacrum (Vaults:4)
  3 centaur simulacra
  7 air elementals
  4 spriggans (Depths:3)
  16 water elementals
  A human (shapeshifter) (Elf:1)
  An orc simulacrum (Crypt:2)
  61 yaks
  Eustachio (D:5)
  11 shadows
  A dire elephant simulacrum (IceCv)
  4 wyverns
  A naga simulacrum (Crypt:2)
  4 fire elementals
  3 hogs (Lair:6)
  23 wraiths
  3 vampires
  Grum (D:8)
  5 vampire mosquitoes (Lair:6)
  6 basilisks
  A chaos spawn (D:15)
  6 minotaur simulacra (IceCv)
  2 steam dragons
  2 harpy simulacra (IceCv)
  8 wargs (Orc:2)
  A human zombie (Vaults:4)
  A warg (shapeshifter) (Elf:3)
  A swamp worm (shapeshifter) (Vaults:1)
  33 nagas
  2 naga zombies (Crypt:2)
  13 water moccasins
  A naga skeleton (Crypt:3)
  A water moccasin (shapeshifter) (D:15)
  3 hydra simulacra
  A glowing shapeshifter skeleton (Vaults:4)
  2 ice beasts
  5 ettin simulacra
  A meliai simulacrum (D:14)
  40 orc warriors
  3 alligator simulacra (IceCv)
  2 sky beasts (D:7)
  8 ogres
  7 boggarts
  24 wolves
  22 centaurs
  A phantom (D:4)
  A lemure (D:8)
  A rime drake zombie (Crypt:1)
  5 kobold brigands
  A salamander zombie (Snake:4)
  18 bullfrogs
  2 gnoll sergeants (D:11)
  A scorpion (Lair:2)
  4 earth elementals
  4 deep troll simulacra (IceCv)
  A yaktaur skeleton (Crypt:2)
  3 necrophages
  A cane toad simulacrum (Lair:3)
  8 wights
  4 killer bees (D:9)
  A polar bear skeleton (Crypt:1)
  3 howler monkeys
  3 electric eels
  2 vampire bats (D:10)
  A wyvern simulacrum (Lair:3)
  3 jellies
  3 hounds
  A quasit (D:6)
  18 orc priests
  2 gnoll shamans
  A water moccasin simulacrum (Lair:3)
  An iguana (D:5)
  25 orc wizards
  6 hell rats (Lair:1)
  A yak simulacrum (Lair:3)
  An ogre skeleton (Crypt:1)
  11 mummies (Crypt:3)
  Robin (D:4)
  17 gnolls
  A swamp drake zombie (Crypt:1)
  3 adders
  An ufetubus (D:6)
  3 worms
  A dart slug (D:3)
  95 orcs
  10 endoplasms
  5 giant cockroaches
  20 goblins
  10 hobgoblins
  23 kobolds
  A quokka (D:3)
  10 ball pythons
  9 bats
  A giant cockroach zombie (Crypt:2)
  2 goblin skeletons (D:6)
  8 hobgoblin zombies (D:6)
  2 kobold skeletons (D:6)
  3 orc zombies (D:6)
  10 rats
  2 tentacles (Shoals:1)
2278 creatures vanquished.

Vanquished Creatures (collateral kills)
  An orb of fire (Zot:5)
  Josephina (Crypt:2)
  5 Killer Klowns
  Vashnia (Snake:4)
  A curse toe (Zot:4)
  Jory (Crypt:2)
  6 golden dragons
  the Enchantress (Depths:2)
  8 tentacled monstrosities
  4 Orb Guardians (Zot:5)
  2 liches
  A deep elf blademaster (Elf:3)
  A quicksilver dragon (shapeshifter) (Depths:3)
  A quicksilver dragon (Zot:5)
  2 titans (Vaults:5)
  3 sphinxes
  A death cob (Zot:2)
  2 draconian monks
  7 shadow dragons
  A tengu reaver (Vaults:5)
  3 storm dragons
  A nagaraja (Snake:4)
  A fire giant (Depths:2)
  A frost giant (Depths:4)
  4 vault wardens
  A draconian scorcher (Zot:5)
  3 draconian shifters
  A ghost moth (Zot:1)
  A deep elf elementalist (Elf:3)
  A draconian stormcaller (Zot:1)
  A spriggan defender (Depths:3)
  An ironbound thunderhulk (Vaults:3)
  2 draconian annihilators
  4 very ugly things
  A caustic shrike skeleton (Depths:3)
  6 ironbound preservers
  2 stone giants
  A vampire knight (Depths:2)
  2 deep elf demonologists
  2 green draconians
  2 purple draconians
  2 spark wasps (Depths:3)
  A deep elf annihilator (Elf:3)
  A white draconian (Zot:3)
  5 black draconians
  2 red draconians
  An entropy weaver (Depths:3)
  3 dire elephants
  3 yellow draconians
  4 deep elf death magi
  An eidolon (Crypt:3)
  4 ettins (Vaults:5)
  A fire dragon (Depths:2)
  2 merfolk javelineers
  2 deep elf high priests
  5 yaktaur captains
  4 vault guards (Vaults:1)
  4 ice dragons
  A boulder beetle (Vaults:2)
  2 great orbs of eyes
  4 rakshasas
  2 spriggan air magi
  A hydra (D:13)
  3 ironbound frosthearts
  2 anacondas (Snake:4)
  2 merfolk avatars
  2 peacekeepers
  A naga warrior (Snake:4)
  An ogre mage (Vaults:5)
  A deep troll shaman (Depths:4)
  4 naga sharpshooters
  A centaur warrior (D:13)
  4 hell knights
  2 tengu warriors (Depths:1)
  A deep elf knight (Elf:3)
  A fire crab (shapeshifter) (Elf:3)
  2 titan skeletons (Depths:1)
  3 iron trolls
  18 deep trolls
  4 skeletal warriors (Crypt:2)
  2 flayed ghosts
  5 sea snakes
  2 naga ritualists
  An obsidian statue (Zot:5)
  5 ironbound convokers
  2 lindwurms (Vaults:1)
  3 harpies (Shoals:3)
  A phantasmal warrior (Crypt:2)
  An orc knight (Vaults:1)
  4 necromancers
  A deep elf pyromancer (Elf:3)
  13 ugly things
  6 manticores
  3 fauns
  A salamander (Snake:2)
  7 moths of wrath
  2 stone giant zombies (Depths:1)
  2 merfolk sirens
  3 water nymphs
  A naga mage (Snake:2)
  An eye of devastation (shapeshifter) (Vaults:5)
  3 vault sentinels
  4 black mambas (Snake:3)
  A smoke demon (Crypt:3)
  A freezing wraith (Vaults:5)
  A dire elephant skeleton (Crypt:3)
  10 yaktaurs
  6 merfolk
  2 wind drakes
  9 slime creatures
  An air elemental (Shoals:4)
  4 water elementals
  3 snapping turtles
  A shadow (Crypt:3)
  An ettin skeleton (Vaults:4)
  2 yaks (D:10)
  A spriggan (Depths:3)
  2 redbacks
  4 nagas
  A harpy simulacrum (Crypt:2)
  A mummy (Crypt:3)
  2 orcs (Snake:3)
  A kobold zombie (Crypt:2)
  A river rat skeleton (Crypt:2)
  A plant (Shoals:1)
  2 tentacles (Shoals:1)
329 creatures vanquished.

Vanquished Creatures (others)
  3 golden dragons
  3 quicksilver dragons
  A death cob (Zot:5)
  An acid blob (Crypt:3)
  A tengu reaver (Vaults:3)
  A sphinx (Vaults:1)
  2 storm dragons
  2 shadow dragons
  An azure jelly (Crypt:2)
  A draconian knight (Zot:5)
  A rockslime (Crypt:3)
  3 fire giants
  A deep elf sorcerer (Elf:3)
  3 frost giants
  4 vault wardens
  An emperor scorpion (Crypt:3)
  3 ghost moths
  2 draconian annihilators
  3 draconian stormcallers
  9 ironbound preservers
  2 draconian shifters
  A spriggan defender (Crypt:2)
  9 stone giants
  5 ironbound thunderhulks
  A white draconian (Zot:1)
  A rockslime zombie (Crypt:3)
  2 green draconians (Zot:5)
  A spark wasp (Depths:4)
  A black draconian (Zot:1)
  A yellow draconian (Zot:1)
  A dire elephant (Vaults:4)
  A purple draconian (Zot:1)
  A red draconian (Zot:3)
  3 entropy weavers
  A merfolk javelineer (Shoals:4)
  4 ettins
  7 fire dragons
  An acid blob zombie (Crypt:3)
  A quicksilver dragon zombie (Zot:5)
  2 yaktaur captains
  A great orb of eyes (Vaults:1)
  3 merfolk impalers
  An alligator snapping turtle (Shoals:4)
  4 ice dragons
  2 anacondas (Snake:4)
  An Orb Guardian zombie (Zot:5)
  4 ironbound frosthearts
  A boulder beetle (Vaults:2)
  A centaur warrior (Shoals:1)
  A demonspawn (Crypt:2)
  A merfolk aquamancer (Shoals:1)
  3 deep troll shamans
  2 satyrs (Shoals:2)
  4 tengu warriors
  A death yak (Crypt:2)
  A shock serpent (Snake:4)
  5 spriggan berserkers
  A titan zombie (Vaults:5)
  An emperor scorpion zombie (Crypt:3)
  A hell knight (Depths:3)
  6 deep elf knights
  3 storm dragon zombies
  A skeletal warrior (Crypt:2)
  A spark wasp zombie (Depths:4)
  A golden dragon zombie (Zot:5)
  2 swamp dragons
  An entropy weaver zombie (Vaults:1)
  4 ogre zombies
  4 sea snakes
  2 ghost moth zombies
  3 glowing orange brains
  5 deep elf archers
  2 orc knights
  5 ironbound convokers
  2 naga ritualists (Snake:4)
  4 necromancers
  5 wizards
  3 anaconda zombies (Snake:4)
  5 lindwurms
  2 cyclopes
  4 harpies
  2 frost giant zombies
  A sphinx zombie (Vaults:1)
  7 stone giant zombies
  7 deep elf pyromancers
  10 deep elf zephyrmancers
  2 manticores (Shoals:4)
  An orc sorcerer (Elf:3)
  2 mana vipers (Snake:4)
  3 fauns
  7 naga zombies (Snake:4)
  19 moths of wrath
  A moth of wrath (shapeshifter) (Depths:1)
  6 draconian zombies
  A fire giant zombie (Depths:1)
  A merfolk siren (Shoals:2)
  2 salamanders (Snake:4)
  8 vault sentinels
  A shock serpent zombie (Snake:4)
  2 water nymphs
  5 black mambas (Snake:4)
  A torpor snail (shapeshifter) (Vaults:3)
  31 human zombies
  2 naga magi (Snake:4)
  2 water nymphs (shapeshifter)
  A red draconian zombie (Zot:3)
  6 white draconian zombies
  4 black draconian zombies
  3 purple draconian zombies
  3 green draconian zombies
  2 merfolk zombies
  A yellow draconian zombie (Zot:2)
  7 yaktaur zombies
  A yaktaur (shapeshifter) (Elf:2)
  2 harpy zombies
  5 merfolk
  3 wind drakes
  8 slime creatures
  2 snapping turtles
  3 fire dragon zombies
  A slime creature (shapeshifter) (Vaults:3)
  4 spriggan zombies
  12 moth of wrath zombies
  A great orb of eyes zombie (Vaults:1)
  6 ettin zombies
  A shadow (D:12)
  A black mamba zombie (Snake:4)
  4 slime creature zombies
  2 wind drake zombies (Shoals:4)
  A human (Lair:6)
  18 elf zombies
  6 nagas
  6 deep troll zombies
  A faun zombie (Shoals:4)
  A water nymph zombie (Shoals:4)
  2 tengu zombies
  4 lindwurm zombies
  2 orc zombies
  A manticore zombie (Shoals:4)
  2 boggarts
  A swamp dragon zombie (Crypt:3)
  2 salamander zombies (Snake:4)
  A troll zombie (Depths:3)
  An orc wizard (Orc:2)
  An orc (Orc:1)
  2 bushes (Elf:1)
  40 fungi
  148 plants
  21 withered plants
664 creatures vanquished.

Grand Total: 3271 creatures vanquished

Notes
Turn   | Place    | Note
-------+----------+-------------------------------------------
     0 | D:1      | Zappman123 the Vampire Gladiator began the quest for the
                  | Orb.
     0 | D:1      | Reached XP level 1. HP: 16/16 MP: 1/1
    59 | D:1      | Found a faded altar of an unknown god.
   253 | D:1      | Reached XP level 2. HP: 22/22 MP: 2/2
   343 | D:1      | Reached skill level 4 in Long Blades
   945 | D:2      | Gained mutation: You are afflicted with vampirism and can
                  | become a bat while bloodless. [Vampire growth]
   945 | D:2      | Reached XP level 3. HP: 27/27 MP: 3/3
  1424 | D:3      | Noticed a +0 hand axe
  1427 | D:3      | Noticed a +0 hand axe
  1435 | D:3      | Found a hide-covered altar of Uskayaw.
  1608 | D:3      | Reached XP level 4. HP: 32/33 MP: 4/4
  1613 | D:3      | Reached skill level 5 in Long Blades
  2405 | D:4      | Noticed a phantom
  2412 | D:4      | Killed a phantom
  2413 | D:4      | Reached skill level 6 in Long Blades
  2413 | D:4      | Reached XP level 5. HP: 39/39 MP: 5/5
  2425 | D:4      | Noticed Robin
  2433 | D:4      | Killed Robin
  2563 | D:4      | Found a staircase to the Ecumenical Temple.
  2570 | Temple   | Entered the Ecumenical Temple
  2677 | Temple   | Became a worshipper of Kikubaaqudgha
  2862 | D:4      | Gained mutation: You are robust. (+10% HP) [potion of
                  | mutation]
  2975 | D:3      | Reached XP level 6. HP: 48/51 MP: 4/6
  3193 | D:4      | Found a shadowy altar of Dithmenos.
  3219 | D:5      | Entered Level 5 of the Dungeon
  3555 | D:5      | Noticed Eustachio
  3567 | D:5      | Killed Eustachio
  3568 | D:5      | Reached XP level 7. HP: 46/59 MP: 4/7
  4085 | D:5      | Reached skill level 5 in Dodging
  4462 | D:6      | Reached skill level 5 in Fighting
  4462 | D:6      | Reached skill level 7 in Long Blades
  4472 | D:6      | Reached XP level 8. HP: 43/68 MP: 6/8
  4528 | D:6      | Learned a level 1 spell: Necrotize
  4884 | D:6      | Reached * piety under Kikubaaqudgha
  4884 | D:6      | Received a gift from Kikubaaqudgha
  5053 | D:6      | Learned a level 2 spell: Sublimation of Blood
  5057 | D:6      | Learned a level 3 spell: Vampiric Draining
  5452 | D:7      | Reached skill level 8 in Long Blades
  5728 | D:7      | Found an opulent altar of Gozag.
  6099 | D:8      | Reached XP level 9. HP: 33/74 MP: 9/9
  6331 | D:8      | Noticed Prince Ribbit
  6345 | D:8      | Killed Prince Ribbit
  6425 | D:7      | Reached skill level 9 in Long Blades
  6499 | D:8      | Reached ** piety under Kikubaaqudgha
  6499 | D:8      | Noticed Gastronok
  6566 | D:8      | Noticed Pikel
  6588 | D:7      | Killed Pikel
  6589 | D:7      | Reached skill level 10 in Long Blades
  6660 | D:8      | Found a radiant altar of Vehumet.
  6666 | D:8      | Found an ornate altar of the Wu Jian Council.
  6715 | D:8      | Found the amulet of Elemental Vulnerability {rPois rF--
                  | rC-- AC+8}
  6768 | D:8      | Noticed Grum
  6787 | D:8      | Killed Grum
  6802 | D:8      | Reached skill level 11 in Long Blades
  7025 | D:8      | Killed Gastronok
  7026 | D:8      | Reached XP level 10. HP: 84/84 MP: 10/10
  7231 | D:9      | Found a staircase to the Lair.
  7305 | D:9      | Noticed a two-headed ogre
  7313 | D:9      | Killed a two-headed ogre
  7598 | D:9      | Reached *** piety under Kikubaaqudgha
  7598 | D:9      | Received a gift from Kikubaaqudgha
  7602 | D:9      | Learned a level 2 spell: Wereblood
  7663 | D:9      | Found an iron altar of Okawaru.
  7768 | D:9      | Reached skill level 12 in Long Blades
  8066 | D:10     | Entered Level 10 of the Dungeon
  8071 | D:10     | Identified the +0 pair of gloves "Tenez" {rElec Will+ Str+4
                  | Dex+2}
  8166 | D:10     | Reached skill level 5 in Armour
  8595 | D:10     | Reached XP level 11. HP: 80/92 MP: 11/11
  8645 | D:10     | Noticed Sonja
  8664 | D:10     | Your ally Sonja died
  8678 | D:10     | Reached **** piety under Kikubaaqudgha
  8719 | D:10     | Found a staircase to the Orcish Mines.
  9965 | D:11     | Found the +9 heavy crossbow "Sniper" {vorpal, Acc+∞ SInv}
 10108 | D:11     | Noticed a two-headed ogre
 10120 | D:11     | Killed a two-headed ogre
 10411 | D:11     | Reached skill level 13 in Long Blades
 10482 | D:11     | Reached ***** piety under Kikubaaqudgha
 10558 | D:11     | Identified the +6 short sword of the Unbearable God
                  | {antimagic, rElec rC+ Will+ Str+2}
 10787 | D:12     | Reached skill level 14 in Long Blades
 10961 | D:12     | Noticed a boulder beetle
 10978 | D:12     | Killed a boulder beetle
 11047 | D:12     | Reached XP level 12. HP: 90/101 MP: 12/12
 11051 | D:12     | Reached skill level 15 in Long Blades
 11287 | D:12     | Noticed a boulder beetle
 11301 | D:12     | Killed a boulder beetle
 11492 | D:13     | Noticed a six-headed hydra
 11579 | Lair:1   | Entered Level 1 of the Lair of Beasts
 11602 | Lair:1   | Reached skill level 16 in Long Blades
 12322 | Lair:2   | Reached skill level 17 in Long Blades
 12329 | Lair:2   | Found a staircase to the Snake Pit.
 12608 | Lair:2   | Noticed a seven-headed hydra
 12692 | Lair:2   | Reached XP level 13. HP: 99/107 MP: 13/13
 12697 | Lair:2   | Reached skill level 18 in Long Blades
 12823 | Lair:2   | Reached ****** piety under Kikubaaqudgha
 13504 | Lair:3   | Reached skill level 19 in Long Blades
 13699 | Lair:3   | Found a runed translucent gate.
 13699 | Lair:3   | Found a runed translucent gate.
 13699 | Lair:3   | Found a runed translucent gate.
 14087 | Lair:3   | Noticed Zebulonius's ghost (journeyman MiFi)
 14218 | Lair:3   | Found a staircase to the Shoals.
 14807 | Lair:4   | Identified a +9 great sword of pain (a +7 great sword of
                  | protection bloodied by Kikubaaqudgha)
 14807 | Lair:4   | Received a gift from Kikubaaqudgha
 14861 | Lair:4   | Reached skill level 20 in Long Blades
 15291 | Lair:4   | Reached XP level 14. HP: 117/118 MP: 14/14
 15700 | Lair:4   | Identified the +3 leather armour of Pragmatism {Harm}
 15922 | Lair:5   | Found a staircase to the Slime Pits.
 16028 | Lair:5   | Reached skill level 10 in Fighting
 16036 | Lair:5   | Reached skill level 1 in Spellcasting
 16036 | Lair:5   | Reached skill level 1 in Necromancy
 16495 | Lair:6   | Entered Level 6 of the Lair of Beasts
 16531 | Lair:6   | Reached skill level 5 in Necromancy
 16531 | Lair:6   | Reached XP level 15. HP: 126/126 MP: 16/21
 16751 | Lair:6   | Reached skill level 5 in Spellcasting
 17064 | Lair:6   | Noticed Kirke
 17078 | Lair:6   | Killed Kirke
 17183 | Lair:5   | Noticed Snorg
 17199 | Lair:5   | Learned a level 4 spell: Dispel Undead
 17205 | Lair:5   | Learned a level 5 spell: Agony
 17211 | Lair:5   | Learned a level 5 spell: Borgnjor's Vile Clutch
 17273 | Lair:5   | Reached skill level 1 in Transmutations
 17545 | Lair:5   | Killed Snorg
 18154 | Slime:1  | Entered Level 1 of the Pits of Slime
 18597 | Lair:6   | Found the amulet of the Four Winds {rN+ Will+++ Clar}
 19157 | Orc:1    | Entered Level 1 of the Orcish Mines
 19167 | Orc:1    | Noticed Erica
 19179 | Orc:1    | Killed Erica
 19330 | D:10     | Reached skill level 5 in Transmutations
 19629 | Orc:2    | Entered Level 2 of the Orcish Mines
 19817 | Orc:2    | Found Mel Guni's Assorted Antiques.
 19817 | Orc:2    | Found Aqikoesi's Magic Scroll Emporium.
 19820 | Orc:2    | Found Fuisorha's Book Boutique.
 19822 | Orc:2    | Found Omnupt's Jewellery Shoppe.
 19826 | Orc:2    | Bought a scroll of teleportation for 45 gold pieces
 19826 | Orc:2    | Bought a scroll of blinking for 112 gold pieces
 19826 | Orc:2    | Bought a scroll of fear for 52 gold pieces
 19826 | Orc:2    | Bought a scroll of identify for 30 gold pieces
 19828 | Orc:2    | Bought a potion of heal wounds for 130 gold pieces
 19828 | Orc:2    | Bought a potion of curing for 78 gold pieces
 19875 | Orc:2    | Found a transporter.
 19879 | Orc:2    | Noticed Armakuni's ghost (adept MeWn)
 19879 | Orc:2    | Found the +4 Cigotuvi's embrace {rMiasma Drain rN+}
 19896 | Orc:2    | Found a transporter.
 20086 | Orc:2    | Found a staircase to the Elven Halls.
 20432 | Orc:2    | Found Balotythu's Bounteous Boutique.
 20542 | Orc:1    | Noticed Maurice
 20558 | Orc:2    | Reached XP level 16. HP: 53/109 MP: 19/27
 20634 | Orc:1    | Killed Maurice
 20947 | Orc:2    | Killed Armakuni's ghost
 20948 | Orc:2    | Reached skill level 10 in Necromancy
 20965 | Orc:2    | Identified the +0 cloak "Osyer" {rPois rF++}
 20975 | Orc:2    | Identified the +1 pair of boots "Oblokhla" {Will+ Str+6
                  | Int-4}
 21014 | Orc:2    | Learned a level 6 spell: Death Channel
 21284 | Lair:3   | Got the ring "Qacurhamm" {Fire Will++ Str-5 Int+4}
 21286 | Lair:3   | Identified the ring "Paan" {rPois MP+9 Dex+4}
 21324 | Lair:3   | Killed Zebulonius's ghost
 21468 | Elf:1    | Entered Level 1 of the Elven Halls
 22106 | Elf:1    | Paralysed by an air elemental for 1 turns
 22244 | Elf:1    | Got the Incunabulum of Battle Magic
 23140 | Elf:1    | Found Paskienk's Book Boutique.
 23140 | Elf:1    | Found Qauqis's Jewellery Shoppe.
 23141 | Elf:1    | Found Fappeima's Book Boutique.
 23151 | Elf:1    | Bought the ring "Juoj" {rC+ Will- rCorr Str+2} for 601 gold
                  | pieces
 23298 | Elf:2    | Found Losa's Antique Armour Boutique.
 24108 | Elf:2    | Reached skill level 15 in Necromancy
 24807 | Elf:2    | Reached skill level 1 in Earth Magic
 24968 | Elf:2    | Reached XP level 17. HP: 72/115 MP: 29/29
 25269 | Elf:2    | Found a runed translucent gate.
 25269 | Elf:2    | Found a runed translucent gate.
 25269 | Elf:2    | Found a runed translucent gate.
 25401 | Elf:3    | Entered Level 3 of the Elven Halls
 25438 | Elf:3    | Noticed Roxanne
 25676 | Elf:3    | Reached skill level 5 in Earth Magic
 26312 | Elf:3    | Noticed an Ice Fiend
 26560 | Elf:3    | Noticed a deep elf blademaster
 26562 | Elf:3    | Noticed a deep elf blademaster
 27811 | D:13     | Identified the +2 robe "Ziuh" {Rampage}
 27906 | D:13     | Identified the ring "Lelerosh" {rElec AC+4 Int-4 Dex+10
                  | Stlth-}
 29048 | D:14     | Found a bloodstained altar of Trog.
 29902 | D:14     | Found a gate to the Vaults.
 30046 | D:15     | Entered Level 15 of the Dungeon
 30568 | D:15     | Found a staircase to the Depths.
 30578 | D:15     | Reached skill level 10 in Spellcasting
 31184 | D:15     | Reached XP level 18. HP: 88/120 MP: 25/32
 31438 | D:15     | Found Yresefafa's Distillery.
 31446 | D:15     | Bought a potion of might for 48 gold pieces
 32320 | Snake:1  | Entered Level 1 of the Snake Pit
 33928 | Snake:2  | Reached skill level 1 in Evocations
 33968 | Snake:2  | Found a burning altar of Makhleb.
 34339 | Snake:2  | Found Emasy's Antique Weapon Shop.
 34636 | Snake:3  | Reached skill level 5 in Evocations
 35865 | Snake:3  | Noticed Saint Roka
 35889 | Snake:3  | Killed Saint Roka
 36884 | Snake:4  | Entered Level 4 of the Snake Pit
 36920 | Snake:4  | Learned a level 4 spell: Animate Dead
 37067 | Snake:4  | Noticed Mlioglotl
 37076 | Snake:4  | Killed Mlioglotl
 37162 | Snake:4  | Noticed Aizul
 37173 | Snake:4  | Killed Aizul
 38113 | Snake:4  | Noticed Vashnia
 38128 | Snake:4  | Reached XP level 19. HP: 82/126 MP: 20/35
 38206 | Snake:4  | HP: 5/126 [Vashnia/bolt (14)]
 39154 | Shoals:1 | Entered Level 1 of the Shoals
 39179 | Shoals:1 | Reached skill level 10 in Evocations
 40030 | Shoals:2 | Found Kywnupn's Island Escapes.
 40070 | Shoals:2 | Found Wenesaot's Magic Scroll Shoppe.
 40142 | Shoals:2 | Found a frozen archway.
 40259 | IceCv    | Entered an ice cave
 44375 | Shoals:4 | Entered Level 4 of the Shoals
 44453 | Shoals:4 | Found a broken altar of Ashenzari.
 44966 | Shoals:4 | Paralysed by an air elemental for 1 turns
 45132 | Shoals:4 | Found a radiant altar of Vehumet.
 45220 | Shoals:4 | Paralysed by an air elemental for 1 turns
 45514 | Shoals:4 | Got the Disquisition on Calling
 45517 | Shoals:4 | Got a barnacled rune of Zot
 45615 | Shoals:4 | Reached XP level 20. HP: 130/141 MP: 36/36
 45912 | Shoals:4 | Identified the +0 pair of boots of the Minstrel {Str+6}
 46229 | Vaults:1 | Entered Level 1 of the Vaults
 48043 | Vaults:1 | Reached skill level 15 in Fighting
 48730 | Vaults:1 | HP: 9/145 [war gargoyle/+1 vorpal great mace[a peacekeeper]
                  | (10)]
 49616 | Elf:2    | Bought bronze pearl dragon scales for 2794 gold pieces
 49616 | Elf:2    | Identified the +8 pearl dragon scales "Risustox" {rN+
                  | Regen+ Str-5 Int+4 Dex-2} (You bought it in a shop on level
                  | 2 of the Elven Halls)
 51138 | Vaults:2 | Found a staircase to the Crypt.
 51138 | Vaults:2 | Found a basalt altar of Yredelemnul.
 51138 | Vaults:2 | Found an ancient bone altar of Kikubaaqudgha.
 51310 | Vaults:2 | Reached XP level 21. HP: 131/153 MP: 31/37
 51493 | Vaults:2 | Found a portal to a secret trove of treasure.
 52093 | Shoals:2 | Bought a scroll of blinking for 142 gold pieces
 52093 | Shoals:2 | Bought a scroll of fog for 38 gold pieces
 52560 | Vaults:3 | Found Jexips's Armour Shop.
 52678 | Vaults:3 | Reached skill level 10 in Dodging
 53245 | Vaults:3 | Reached skill level 10 in Armour
 53614 | Vaults:3 | Reached XP level 22. HP: 133/160 MP: 32/38
 54382 | Vaults:4 | Noticed Zenata
 55271 | Vaults:5 | Entered Level 5 of the Vaults
 55564 | Depths:1 | Entered Level 1 of the Depths
 55804 | Depths:1 | Reached XP level 23. HP: 165/165 MP: 34/39
 55829 | Depths:1 | Reached skill level 15 in Dodging
 56032 | Depths:1 | Found a gateway to Hell.
 56150 | Depths:1 | Found Guokk's Weapon Shoppe.
 56454 | Depths:1 | You fall into a shaft and drop 1 floor!
 56715 | Depths:2 | Noticed Mara
 56724 | Depths:2 | Killed Mara
 56830 | Depths:2 | Noticed Asterion
 56842 | Depths:2 | Killed Asterion
 56922 | Depths:2 | Found a one-way gate leading to the halls of Pandemonium.
 57917 | Depths:3 | Noticed the Enchantress
 57918 | Depths:3 | Found a one-way gateway to a ziggurat.
 58076 | Depths:2 | Killed the Enchantress
 58105 | Depths:3 | Noticed a caustic shrike
 58114 | Depths:3 | Killed a caustic shrike
 58116 | Depths:3 | Gained mutation: Your spells are a little easier to cast,
                  | but a little less powerful. [mutagenic glow]
 58120 | Depths:3 | Found a one-way gate to the infinite horrors of the Abyss.
 58561 | Depths:3 | Noticed a juggernaut
 58574 | Depths:3 | Killed a juggernaut
 58621 | Depths:3 | Reached XP level 24. HP: 160/171 MP: 35/39
 59438 | Depths:4 | Entered Level 4 of the Depths
 60021 | Depths:4 | Found a gate to the Realm of Zot.
 60225 | Depths:4 | Found an iron altar of Okawaru.
 60227 | Depths:4 | Noticed Frederick
 60238 | Depths:4 | Killed Frederick
 60800 | Depths:4 | Found a corrupted altar of Lugonu.
 61421 | Elf:3    | Identified the ring of Hirept {rC- rN+ Dex+8}
 61719 | Elf:3    | Identified the +6 scale mail "Viblione" {+Inv rPois Regen+
                  | Str+2}
 61722 | Elf:3    | Got the Handbook of Poisoning
 61783 | Elf:3    | Identified the +1 plate armour "Coreogh" {Str+5}
 61784 | Elf:3    | Identified the +4 plate armour of the Ghostly God {rCorr}
 61787 | Elf:3    | Identified the +2 scale mail of the Zebra {Rampage rElec
                  | Stlth+}
 62435 | Vaults:2 | You paid a toll of 6 scrolls of fog to enter a treasure
                  | trove
 62436 | Trove    | Entered a treasure trove
 62457 | Trove    | Got Sif Muna's Sorcery in Simple Steps
 62463 | Trove    | Got A Primer on Sorcery
 62492 | Trove    | Identified the amulet "Ceeg" {Faith MP+9 Int+5}
 62721 | D:12     | Identified the +6 mace of Buif {pain, rElec rF++ Str-4
                  | SInv}
 62998 | Snake:4  | Killed Vashnia
 63126 | Snake:4  | Got a serpentine rune of Zot
 63670 | Crypt:1  | Entered Level 1 of the Crypt
 64618 | Crypt:2  | Noticed Jory
 64628 | Crypt:2  | Reached XP level 25. HP: 104/180 MP: 28/39
 64813 | Crypt:2  | Identified the ring "Icog" {Ice MP-9 Str+3 Int+2}
 64813 | Crypt:2  | Noticed Josephina
 64817 | Crypt:2  | Reached skill level 21 in Long Blades
 64837 | Crypt:2  | Killed Josephina
 64976 | Crypt:2  | Killed Jory
 65448 | Crypt:2  | Identified the +0 ring mail of Ruskejy {Fly Will+}
 65469 | Crypt:3  | Entered Level 3 of the Crypt
 65476 | Crypt:3  | Noticed Vv
 65493 | Crypt:3  | Killed Vv
 66124 | Crypt:3  | Found a staircase to the Tomb.
 66288 | Crypt:3  | Identified a scroll of acquirement
 66470 | Crypt:3  | Got Xorchib's Disquisition on Black Rituals
 66605 | Crypt:3  | Found an ancient bone altar of Kikubaaqudgha.
 66689 | Crypt:3  | Got the Guide on Moulding
 66697 | Crypt:3  | Noticed an ancient lich
 66711 | Crypt:3  | Killed an ancient lich
 66721 | Crypt:3  | Got Lehudib's Disquisition on Conjuration
 67192 | Crypt:3  | Got Tunnauf's Guide on Evil Calling
 67204 | Crypt:3  | Identified the ring of Ajoem {rC- rN+ Str+6 Slay+2}
 67399 | Crypt:3  | Identified the -2 helmet "Qaw Poysm" {Int+2 Dex+7}
 67647 | Vaults:4 | Killed Zenata
 67940 | Vaults:4 | Noticed Margery
 67954 | Vaults:4 | Killed Margery
 68452 | Vaults:5 | Reached skill level 22 in Long Blades
 68939 | Vaults:5 | Identified the +9 plate armour of Starshine {rF+ rCorr
                  | Str+2 Int+5}
 69102 | Vaults:5 | Reached skill level 15 in Armour
 69104 | Vaults:5 | Reached XP level 26. HP: 191/191 MP: 27/39
 69466 | Vaults:5 | Identified the +9 spear of Courage {pain, rC- Will+ Dex+2
                  | Stlth+}
 69838 | Vaults:5 | Got a silver rune of Zot
 69956 | Vaults:5 | Learned a level 3 spell: Swiftness
 69963 | Vaults:5 | Learned a level 6 spell: Simulacrum
 70408 | Elf:2    | Reached skill level 1 in Air Magic
 71465 | Shoals:2 | Bought a scroll of fear for 42 gold pieces
 71465 | Shoals:2 | Bought a scroll of enchant weapon for 90 gold pieces
 71465 | Shoals:2 | Bought a scroll of vulnerability for 90 gold pieces
 71465 | Shoals:2 | Bought a scroll of summoning for 114 gold pieces
 71465 | Shoals:2 | Bought a scroll of enchant armour for 90 gold pieces
 71486 | Shoals:2 | Bought a wand of digging (6) for 380 gold pieces
 71486 | Shoals:2 | Bought a potion of haste for 190 gold pieces
 71767 | Elf:1    | Bought Great Wizards, Vol. VII for 510 gold pieces
 71773 | Elf:1    | Learned a level 5 spell: Yara's Violent Unravelling
 72162 | Zot:1    | Entered Level 1 of the Realm of Zot
 72637 | Zot:1    | Reached skill level 5 in Air Magic
 73326 | Zot:1    | You are sucked into a shaft and drop 1 floor!
 73358 | Zot:2    | Reached skill level 23 in Long Blades
 73529 | Zot:2    | Noticed an ancient lich
 73840 | Zot:2    | Killed an ancient lich
 73858 | Zot:2    | Reached skill level 1 in Ice Magic
 74347 | Zot:3    | Reached skill level 5 in Ice Magic
 74381 | Zot:3    | Found a transporter.
 74423 | Zot:3    | Reached XP level 27. HP: 201/201 MP: 38/39
 74429 | Zot:3    | Found a runed translucent gate.
 74431 | Zot:3    | Found a runed translucent gate.
 74431 | Zot:3    | Noticed Ecsuny's ghost (legendary OgGl)
 74432 | Zot:3    | Found a runed translucent gate.
 74433 | Zot:3    | Noticed Meskin's ghost (legendary DjCj)
 74433 | Zot:3    | Noticed Kusoc's ghost (adept DDFi)
 74433 | Zot:3    | Noticed Mitut's ghost (master PaFi)
 75115 | Zot:3    | Found a transporter.
 75135 | Zot:3    | Found a transporter.
 75243 | Zot:3    | Found a transporter.
 75451 | Zot:4    | Reached skill level 10 in Ice Magic
 75510 | Zot:4    | Found a transporter.
 75515 | Zot:4    | Reached skill level 1 in Hexes
 75992 | Zot:4    | Found a transporter.
 76518 | Zot:4    | Reached skill level 5 in Hexes
 76838 | Depths:2 | Acquired the +7 triple sword of Forgiveness {drain, Drain
                  | rN+++ Dex+7 SInv}
 76863 | Depths:2 | Acquired the +2 pair of gloves "Giyskuv" {Fly rF+++ rC++
                  | Str-3}
 77036 | Zot:5    | Entered Level 5 of the Realm of Zot
 77669 | Zot:5    | Noticed an orb of fire
 77686 | Zot:5    | Killed an orb of fire
 77701 | Zot:5    | Noticed an orb of fire
 77719 | Zot:5    | Killed an orb of fire
 77734 | Zot:5    | Noticed an orb of fire
 77735 | Zot:5    | Noticed an orb of fire
 77741 | Zot:5    | Killed an orb of fire
 77746 | Zot:5    | Killed an orb of fire
 77749 | Zot:5    | Noticed an orb of fire
 77933 | Zot:5    | Reached skill level 10 in Hexes
 77947 | Zot:5    | Noticed an orb of fire
 77949 | Zot:5    | Identified the +6 glaive "Eshol" {spect, Will- Dex+4 SInv}
 77952 | Zot:5    | Gained mutation: You are weak. (Str -2) [an orb of fire]
 77962 | Zot:5    | Killed an orb of fire
 77963 | Zot:5    | Reached skill level 10 in Transmutations
 78078 | Zot:5    | Noticed an ancient lich
 78082 | Zot:5    | Noticed an orb of fire
 78093 | Zot:5    | Killed an ancient lich
 78103 | Zot:5    | Killed an orb of fire
 78112 | Zot:5    | Noticed a dread lich
 78115 | Zot:5    | Noticed an orb of fire
 78124 | Zot:5    | Killed an orb of fire
 78129 | Zot:5    | Killed a dread lich
 78460 | Zot:5    | Killed an orb of fire
 78464 | Zot:5    | Reached skill level 15 in Evocations
 78673 | Zot:5    | Got the Orb of Zot
 79115 | D:12     | Noticed Ytiximp the pandemonium lord
 79385 | D:$      | Escaped with the Orb!

Illustrated notes

Levels and vault maps discovered:
D:1:      evilmike_arrival_home_sweet_home, layout_loops_ring,
          hellmonk_ecumenical_altar_run_dry, serial_bayou_lagoon_a,
          fountainhead, chequers_serial_rivers_micro_b,
          amcnicky_mini_pool_small, dk_noncrumbling_4
D:2:      layout_basic
D:3:      minmay_octagon_keep, layout_basic, dancing_weapons_uskayaw
D:4:      layout_basic, lemuel_coloured_pillars_altar, temple_green,
          minivault_11, uniq_robin
D:5:      layout_basic, uniq_eustachio
D:6:      layout_loops_corners, nicolae_tso_besieged_by_evil
D:7:      layout_basic, mainiacjoe_overflow_alcove_2, hangedman_decor_points,
          kennysheep_small_spiral
D:8:      layout_basic, grunt_temple_overflow_open, serial_rivers,
          chequers_serial_rivers_micro_d, chequers_serial_rivers_small_3,
          chequers_serial_rivers_micro_c, chequers_serial_rivers_micro_c,
          chequers_serial_rivers_small_a, uniq_gastronok, uniq_pikel,
          uniq_prince_ribbit1, uniq_grum
D:9:      layout_gridville, general_overflow_altar, lair_entry_dummy
D:10:     layout_layer_cave, hiddenorc2_lemuel, roderic_batcave, uniq_sonja
D:11:     layout_basic, serial_co_window_serial, co_window_of_opportunity_a,
          co_window_paths_b, co_window_paths_a, co_window_paths_a,
          co_window_paths_a, co_window_of_opportunity_b, co_window_cross_3,
          co_window_of_opportunity_c, co_window_cross_3, co_window_4corner_b,
          glass_columns_a
D:12:     layout_long_grid, serial_undead, serial_undead_d, serial_undead_c,
          serial_undead_c, serial_undead_f, serial_undead_e, serial_undead_f,
          serial_undead_d, minivault_14
D:13:     minmay_the_grid_plus [minmay_the_grid_doors,
          minmay_the_grid_aliased_spiral, minmay_the_grid_rooms,
          minmay_the_grid_outer_circle,
          minmay_the_grid_prize_four_corners_diamond_a], layout_cave_pools
D:14:     layout_basic, david_vaults_5, trog_three_pillars_becter, nrook_uturn,
          ebering_dispersal_statue_hall, grunt_ministairs_15
D:15:     grunt_enter_depths_hoard, layout_gridville, serial_shops,
          shop_fountains, minmay_misc_feat_columns, serial_demonic,
          serial_demonic_g, serial_demonic_f, serial_demonic_e, serial_demonic_e
Temple:   bh_familiar_temple
Lair:1:   layout_gridlike
Lair:2:   layout_chaotic_city, guppyfry_snake_entry_island
Lair:3:   layout_small_grid, elwin_shoals_entry_rooms, gammafunk_ghost_icy,
          chequers_serial_rivers_large_b
Lair:4:   layout_misc_corridors
Lair:5:   layout_cave_pods, nicolae_slime_entry_slimehenge, uniq_snorg
Lair:6:   minmay_lair_end_frog_pond, layout_hall_layers, uniq_kirke
Shoals:1: layout_shoals
Shoals:2: layout_shoals, portal_ice_cave_entry_frozen_things, serial_shops,
          shop, nicolae_island_escapes
Shoals:3: layout_shoals
Shoals:4: shoals_end_hellmonk_storm_palace [storm_palace_center_square,
          storm_palace_corner_blocked, storm_palace_corner_altar,
          storm_palace_corner_grid, storm_palace_corner_altar]
Snake:1:  layout_misc_corridors, st_stairs_6, nicolae_snake_gridmaze_entwining
Snake:2:  layout_rooms, serial_shops, nicolae_shop_statue_plus, basic_altar
Snake:3:  layout_cave_pods, uniq_saint_roka
Snake:4:  grunt_snake_rune_serpentine_throne, layout_onion_interference,
          uniq_vashnia, uniq_aizul, uniq_mlioglotl
Slime:1:  layout_caves
Orc:1:    layout_caves, uniq_erica, uniq_maurice
Orc:2:    st_orc_rangers, layout_caves, gammafunk_ghost_berserking_beasts,
          nicolae_alphabet_shops, abandoned_shop
Elf:1:    layout_geoelf_grid, minmay_elf_annihilation, minmay_shop_grove
Elf:2:    nicolae_elf_blades_splatter_lattice
          [nicolae_blade_entry_floor_patterns], layout_geoelf_grid,
          serial_shops, nicolae_shop_statue_plus, guppyfry_library_mini
Elf:3:    minmay_elf_hall_spiked, layout_geoelf_diagonals, uniq_roxanne
Vaults:1: vaults_room_fours, ontoclasm_vaults_eye, vaults_dpeg_doors,
          hangedman_vaults_impose, vaults_dpeg_diagonal, vaults_dpeg_ring,
          v_misc_2, vaults_room_corners, v_pattern_2,
          hangedman_vaults_stretched_pinwheel, ontoclasm_vaults_chip,
          vaults_room_semicircle, layout_vaults_omnigrid
Vaults:2: v_misc_26, v_pattern_5, st_quartered_hall,
          nicolae_vaults_angled_halls, hangedman_vaults_slither,
          minmay_crypt_entry_necro_gods, v_rooms_1, v_alt_pattern_3,
          vaults_room_corners, nicolae_vaults_mini_display_case,
          layout_vaults_omnibox, enter_trove_2
Vaults:3: ontoclasm_vaults_fault, grunt_vaults_funnel, v_misc_12, v_misc_2,
          v_alt_pattern_6, vaults_room_ringed_pool, vaults_room_guarded_vault,
          nicolae_vaults_alarming, vaults_room_door_ring, vaults_room_fours,
          layout_vaults_omnicross, serial_shops, shop
Vaults:4: v_misc_4, ontoclasm_vaults_idyll, hangedman_vaults_impose,
          hangedman_vaults_corner, hangedman_vaults_hat, ontoclasm_vaults_twist,
          hangedman_vaults_cutoff, serial_ice_g, vaults_room_grid,
          vaults_mumra_lcd, layout_vaults_chaotic_city, uniq_margery,
          uniq_zenata
Vaults:5: serial_shops
Crypt:1:  layout_rooms
Crypt:2:  layout_misc_corridors, grunt_megastairs_1, uniq_josephina, uniq_jory
Crypt:3:  quadcrypt_mu, uniq_vv
Depths:1: layout_forbidden_donut, lightli_too_deep,
          hangedman_abyss_or_decor_passed, lemuel_old_faithful,
          minmay_shop_star, grunt_megastairs_2, infiniplex_staircase_pool_lava
Depths:2: hangedman_elemental_death_ray, layout_cave_shapes,
          hangedman_geh_valley, abandoned_shop, rand_demon_pan_entry_4,
          grunt_megastairs_5, minmay_staircase_bubble, uniq_mara, uniq_asterion
Depths:3: hangedman_pleasuredromes, abyss_entry, hell_entry, pan_entry,
          serial_shops, uniq_enchantress
Depths:4: grunt_crosshair, layout_basic, pf_coc_iceberg,
          abyss_entry_flame_altar, okawaru_trees_1, minmay_crystal_room,
          uniq_frederick
Zot:1:    kennysheep_blocky_room, layout_cathedral_of_symmetry
Zot:2:    ebering_klown_carousel, layout_misc_corridors
Zot:3:    layout_onion, gammafunk_ghost_cemetery, nicolae_diode_intersection
Zot:4:    gammafunk_dig_for_victory, layout_misc_corridors, zot_minivault_6
Zot:5:    layout_misc_corridors

Skill      XL: |  1  2  3  4  5  6  7  8  9 10 11 12 13 14 15 16 17 18 19 20 21 22 23 24 25 26 27 |
---------------+----------------------------------------------------------------------------------+-----
Long Blades    | 4 6 7 8 11 12 14 17 20 22 23 | 23.0
Fighting       | 2 3 4 5 6 7 8 9 10 13 15 16 17 18 20 | 20.0
Dodging        | 4 5 7 8 9 11 14 20 22 | 22.0
Throwing       | 2 |  2.0
Armour         | 2 5 6 8 11 12 13 15 16 | 16.0
Spellcasting   | 4 7 8 10 12 | 12.0
Necromancy     | 5 9 16 17 18 | 18.0
Transmutations | 6 10 | 10.0
Earth Magic    | 2 8 |  8.0
Evocations     | 9 12 15 | 15.5
Air Magic      | 6 |  6.0
Ice Magic      | 6 12 | 12.1
Hexes          | 12 | 12.0

Action                   |  1- 3 |  4- 6 |  7- 9 | 10-12 | 13-15 | 16-18 | 19-21 | 22-24 | 25-27 || total
-------------------------+-------+-------+-------+-------+-------+-------+-------+-------+-------++-------
Melee: Long sword        |   124 |   148 |   415 |       |       |       |       |       |       ||   687
       Bite              |    13 |    14 |    52 |    57 |   127 |   147 |   155 |   214 |   338 ||  1117
       Punch             |     2 |     4 |     4 |       |       |       |       |       |       ||    10
       Great sword       |       |       |     9 |   524 |   845 |  1122 |   920 |  1071 |  1314 ||  5805
       Triple sword      |       |       |       |       |       |       |       |       |   270 ||   270
Throw: Throwing net      |       |       |     2 |     2 |       |       |       |       |       ||     4
       Dart              |       |       |    16 |    13 |     4 |     2 |     1 |       |       ||    36
 Cast: Agony             |       |       |       |       |     5 |     2 |       |       |       ||     7
       Vampiric Draining |       |       |       |       |     1 |     8 |    12 |       |       ||    21
       Wereblood         |       |       |       |       |     1 |     1 |       |       |       ||     2
       Dispel Undead     |       |       |       |       |       |    11 |       |    19 |     1 ||    31
       Death Channel     |       |       |       |       |       |    36 |    53 |    42 |    49 ||   180
       Borgnjor's Vile C |       |       |       |       |       |     1 |     1 |       |       ||     2
       Animate Dead      |       |       |       |       |       |     8 |    20 |    14 |    16 ||    58
       Simulacrum        |       |       |       |       |       |       |       |       |    22 ||    22
Invok: Brand Weapon With |       |       |       |       |     1 |       |       |       |       ||     1
       Torment           |       |       |       |       |     2 |     2 |       |     1 |     4 ||     9
       Unearth Wretches  |       |       |       |       |       |     4 |    22 |    25 |    27 ||    78
 Abil: Exsanguinate      |       |       |       |     1 |     1 |     1 |       |       |       ||     3
       Revivify          |       |       |       |     1 |       |     1 |       |       |     1 ||     3
Evoke: Wand              |       |       |     5 |     1 |    10 |     7 |     8 |     9 |    12 ||    52
       Condenser vane    |       |       |       |     1 |       |     3 |     7 |     7 |    10 ||    28
       Lightning rod     |       |       |       |       |       |     6 |     9 |       |    10 ||    25
       Tin of tremorston |       |       |       |       |       |     1 |     4 |     7 |     4 ||    16
       Phial of floods   |       |       |       |       |       |       |     4 |     2 |     5 ||    11
       Phantom mirror    |       |       |       |       |       |       |     1 |     3 |     9 ||    13
       Box of beasts     |       |       |       |       |       |       |     1 |     3 |     7 ||    11
  Use: Potion            |       |     9 |     1 |       |     3 |     3 |     3 |     1 |    12 ||    32
       Scroll            |       |     8 |     5 |     6 |    12 |     6 |     9 |     5 |    32 ||    83
 Stab: Held in net/web   |       |       |     3 |     1 |       |       |       |       |       ||     4
       Distracted        |       |       |       |     1 |       |    18 |    28 |    24 |    59 ||   130
       Betrayed ally     |       |       |       |     1 |       |       |       |       |       ||     1
       Confused          |       |       |       |     7 |       |       |       |       |       ||     7
       Sleeping          |       |       |       |     3 |       |    22 |     4 |     3 |     3 ||    35
       Petrified         |       |       |       |       |     7 |       |       |       |       ||     7
       Paralysed         |       |       |       |       |       |     4 |     7 |    18 |    11 ||    40
       Invisible         |       |       |       |       |       |       |       |     2 |       ||     2
Armor: Leather armour    |    15 |       |   118 |    44 |    67 |   436 |   228 |       |       ||   908
       Scale mail        |    61 |    86 |       |       |       |       |       |       |       ||   147
       Ring mail         |       |    12 |    12 |       |       |       |       |       |       ||    24
       Troll leather arm |       |       |       |    99 |   227 |    21 |       |       |       ||   347
       Pearl dragon scal |       |       |       |       |       |       |   166 |   357 |   588 ||  1111
Dodge: Dodged            |    84 |   112 |   317 |   471 |   941 |  1080 |   776 |  1137 |  2155 ||  7073

Table legend: (Time is in decaauts)
 A = Elapsed time spent in this place.
 B = Non-inter-level travel time spent in this place.
 C = Inter-level travel time spent in this place.
 D = Time resting spent in this place.
 E = Time spent auto-exploring this place.
 F = Levels seen in this place.
 G = Mean time per level.
                   A        B        C        D        E       F      G
               +--------+--------+--------+--------+--------+-----+--------+
         Total |  78056 |  66435 |  11621 |   8125 |  43460 |  55 | 1419.2 |
       Dungeon |  20461 |  15685 |   4776 |   1588 |  10735 |  15 | 1364.1 |
        Temple |    122 |     81 |     41 |      0 |     71 |   1 |  122.0 |
          Lair |   8271 |   6938 |   1333 |    529 |   4563 |   6 | 1378.5 |
        Shoals |   4995 |   4312 |    683 |    132 |   3320 |   4 | 1248.8 |
     Snake Pit |   6857 |   6314 |    543 |   1212 |   4164 |   4 | 1714.2 |
    Slime Pits |      1 |      1 |      0 |      0 |      0 |   1 |    1.0 |
  Orcish Mines |   2194 |   1594 |    600 |    193 |    882 |   2 | 1097.0 |
   Elven Halls |   6795 |   6174 |    621 |   1545 |   3383 |   3 | 2265.0 |
        Vaults |  10627 |   9148 |   1479 |   1097 |   6141 |   5 | 2125.4 |
         Crypt |   3760 |   3317 |    443 |    254 |   2218 |   3 | 1253.3 |
        Depths |   5566 |   4921 |    645 |    225 |   3375 |   4 | 1391.5 |
           Zot |   6222 |   5768 |    454 |    447 |   3644 |   5 | 1244.4 |
         Trove |    109 |    109 |      0 |      0 |     73 |   1 |  109.0 |
      Ice Cave |   2069 |   2069 |      0 |    903 |    888 |   1 | 2069.0 |
               +--------+--------+--------+--------+--------+-----+--------+

Top non-repeatable levels by time:
Vaults:1: 3323 daAuts
   Elf:1: 2901 daAuts
 Snake:3: 2552 daAuts
    D:10: 2198 daAuts
    D:12: 2197 daAuts
    D:15: 2184 daAuts
    D:14: 2172 daAuts
   Elf:2: 2125 daAuts
   IceCv: 2069 daAuts
Vaults:2: 2001 daAuts
 Crypt:3: 1986 daAuts
Vaults:3: 1866 daAuts
Vaults:4: 1859 daAuts
  Lair:3: 1818 daAuts
   Elf:3: 1769 daAuts
